 Dungeon Crawl Stone Soup version 0.29-a0-284-gf9362112df (webtiles) character file.

Game seed: 17649748991468833834

476 siradein the Bolt Thrower (level 6, -3/50 HPs)
             Began as a Draconian Hunter on Mar 17, 2022.
             Was a Follower of Hepliaklqana.
             Slain by a gnoll
             ... wielding a +0 flail
              (7 damage)
             ... on level 3 of the Dungeon.
             The game lasted 00:12:43 (3507 turns).

siradein the Bolt Thrower (Draconian Hunter)        Turns: 3507, Time: 00:12:43

Health: -3/50      AC:  7    Str: 14    XL:     6   Next: 84%
Magic:  6/6        EV: 14    Int:  9    God:    Hepliaklqana [*.....]
Gold:   215        SH:  0    Dex: 16    Spells: 5/5 levels left

rFire   . . .      SeeInvis .   a - +1 hand crossbow
rCold   . . .      Faith    .   (no shield)
rNeg    . . .      Spirit   .   (body armour unavailable)
rPois   .          Reflect  .   (helmet restricted)
rElec   .          Harm     .   (no cloak)
rCorr   .          Rampage  .   q - +0 pair of gloves
Will    .....                   (no boots)
Stlth   +.........              (no amulet)
HPRegen 0.16/turn               (no ring)
MPRegen 0.10/turn               (no ring)

@: lit by a corona, glowing
A: reduced essence, AC +6, unfitting armour, cold-blooded
a: Renounce Religion, Recall Ancestor, Ancestor Identity


You were on level 3 of the Dungeon.
You worshipped Hepliaklqana.
Hepliaklqana was aware of your devotion.
You visited 1 branch of the dungeon, and saw 4 of its levels.

You collected 215 gold pieces.

Inventory:

Hand Weapons
 a - a +1 hand crossbow (weapon)
 u - a +2 dagger of venom
Armour
 q - a +0 pair of gloves (worn)
Jewellery
 g - an amulet of faith
Wands
 b - a wand of polymorph (7)
Scrolls
 e - a scroll of identify
 h - a scroll of acquirement {unknown}
 i - a scroll of blinking {unknown}
 k - a scroll of vulnerability {unknown}
 n - a scroll of summoning {unknown}
 o - 2 scrolls of amnesia {unknown}
 p - a scroll of silence {unknown}
 s - 2 scrolls of enchant weapon {unknown}
 t - a scroll of teleportation {unknown}
 w - a scroll of enchant armour {unknown}
Potions
 c - 2 potions of magic
 d - 2 potions of heal wounds
 f - 3 potions of attraction
 j - a potion of brilliance {unknown}
 l - a potion of ambrosia {unknown}
 m - 2 potions of cancellation {unknown}
 r - a potion of lignification {unknown}
 v - a potion of flight {unknown}


   Skills:
 + Level 5.0 Fighting
 + Level 5.2 Crossbows
 + Level 4.1 Dodging
 - Level 0.8 Stealth


You had 5 spell levels left.
You didn't know any spells.
Your spell library contained the following spells:

 Spells                   Type           Power      Damage    Failure   Level
 Sting                    Tmut/Pois      0%         1d3       38%         1
 Poisonous Vapours        Pois/Air       0%         N/A       52%         2
 Call Canine Familiar     Summ           0%         N/A       77%         3
 Portal Projectile        Hex/Tloc       0%         N/A       77%         3
 Leda's Liquefaction      Hex/Erth       0%         N/A       99%         4
 Olgreb's Toxic Radiance  Pois           0%         N/A       99%         4


Dungeon Overview and Level Annotations

Branches:
Dungeon (4/15)             Temple (0/1) D:4

Altars:
Hepliaklqana
Trog
Uskayaw

Annotations:
D:2 Sigmund


Innate Abilities, Weirdness & Mutations

Your life essence is reduced to manifest your ancestor. (-10% HP)
Your plain brown scales are hard. (AC +6)
You cannot fit into any form of body armour.
You are cold-blooded and may be slowed by cold attacks.


Message History

The gnoll shaman mumbles some strange prayers to its god against you.
You resist with some effort.
The gnoll shaman calls down the wrath of its god upon you.
You are outlined in light.
The gnoll attacks as you move away! The gnoll barely misses you.
The gnoll hits you with a +0 whip. The gnoll hits you with a +0 whip.
The gnoll attacks as you move away! The gnoll closely misses you.
The gnoll hits you but does no damage.
There is an open door here.
The gnoll attacks as you move away! The gnoll hits you but does no damage.
The gnoll hits you with a +0 flail. The gnoll attacks as you move away!
The gnoll barely misses you. The gnoll attacks as you move away!
The gnoll barely misses you. The gnoll hits you with a +0 flail.
The gnoll shaman calls upon its god to heal the gnoll.
The gnoll is healed somewhat.
The gnoll barely misses you.
Things that are here:
a +0 hand axe; 2 silver boomerangs
Things that are here:
a +0 short sword; a +0 leather armour The gnoll closely misses you.
The gnoll hits you with a +0 whip.
You see here a +0 falchion.
The gnoll attacks as you move away! The gnoll hits you with a +0 flail.
The gnoll attacks as you move away! The gnoll hits you but does no damage.
The gnoll hits you with a +0 flail! The gnoll hits you with a +0 whip.
* * * LOW HITPOINT WARNING * * *
There is a stone staircase leading up here.
The gnoll hits you with a +0 flail.
* * * LOW HITPOINT WARNING * * *
The gnoll hits you but does no damage.
The gnoll shaman calls upon its god to heal the gnoll.
The gnoll's wounds heal themselves!
You climb upwards.
There is a stone staircase leading down here.
The gnoll hits you with a +0 flail!
* * * LOW HITPOINT WARNING * * *
The gnoll closely misses you. The gnoll attacks as you move away!
The gnoll hits you with a +0 flail!
You die...

<.##..#.# #......# #.#
.###..#.# #.##.### #.#
...#..#.# #.##.# #.#
.#....#.# #.#..# #.#
.#.##.#.# #.#.## #.#
##.##.#.# #.#.# #.#
##.##.#.#### #.#.# #.#
...........####.#g######.#
......##...)....@#.......#
......##...######g########
##.#.####..# #.#
#.......<.# #.#
#.##############.#
#....<...........#
##################


You could see 2 gnolls.

Vanquished Creatures
  Grinder (D:3)
  A phantom (D:4)
  Ijyb (D:3)
  A gnoll (D:4)
  6 adders
  A worm (D:3)
  3 dart slugs
  7 orcs
  7 endoplasms
  10 goblins
  9 hobgoblins
  7 jackals
  3 quokkas
  8 ball pythons
  4 bats (D:1)
  2 frilled lizards (D:2)
  8 kobolds
  11 rats
90 creatures vanquished.

Vanquished Creatures (collateral kills)
  A gnoll (D:4)
  2 orcs (D:4)
  A ball python (D:4)
4 creatures vanquished.

Vanquished Creatures (others)
  2 ancestors (D:4)
2 creatures vanquished.

Grand Total: 96 creatures vanquished

Notes
Turn   | Place    | Note
-------+----------+-------------------------------------------
     0 | D:1      | siradein the Draconian Hunter began the quest for the Orb.
     0 | D:1      | Reached XP level 1. HP: 17/17 MP: 1/1
   118 | D:1      | Reached XP level 2. HP: 25/25 MP: 2/2
   588 | D:1      | Reached XP level 3. HP: 21/30 MP: 3/3
   674 | D:1      | Found a faded altar of an unknown god.
  1026 | D:2      | Identified the +1 ring mail "Nuvuliew" {+Blink Will+ Dex+4
                  | Stlth-}
  1167 | D:2      | Reached XP level 4. HP: 38/38 MP: 4/4
  1419 | D:2      | Found a hazy altar of Hepliaklqana.
  1420 | D:2      | Noticed Sigmund
  1933 | D:2      | Became a worshipper of Hepliaklqana the Forgotten
  2014 | D:3      | Noticed a moth of wrath
  2017 | D:3      | Found a bloodstained altar of Trog.
  2076 | D:3      | Found a hide-covered altar of Uskayaw.
  2098 | D:3      | Noticed Grinder
  2113 | D:3      | Paralysed by Grinder for 3 turns
  2127 | D:3      | Killed Grinder
  2128 | D:3      | Reached XP level 5. HP: 47/47 MP: 5/5
  2128 | D:3      | Reached XP level 6. HP: 53/53 MP: 6/6
  2771 | D:3      | Noticed Ijyb
  2874 | D:3      | Killed Ijyb
  2875 | D:3      | Reached skill level 5 in Crossbows
  3271 | D:4      | Reached * piety under Hepliaklqana
  3386 | D:4      | Reached skill level 5 in Fighting
  3399 | D:4      | Found a staircase to the Ecumenical Temple.
  3507 | D:3      | Slain by a gnoll

Illustrated notes

Levels and vault maps discovered:
D:1:      dpeg_arrival_arbitrary_c, layout_rooms,
          hellmonk_ecumenical_altar_lost_god
D:2:      layout_basic, basic_altar, corexii_shack, minmay_cut_off, uniq_sigmund
D:3:      layout_loops_ring, tgw_trog, lemuel_crystal_altar, kennysheep_boxes,
          uniq_grinder, uniq_ijyb
D:4:      layout_gridville, nicolae_dithmenos_the_darkroom,
          amethyst_overflow_temple_binary, minmay_temple_entry_glass,
          minmay_diced_spiral

Skill      XL: |  1  2  3  4  5  6 |
---------------+-------------------+-----
Dodging        | 2 3 4 |  4.1
Crossbows      | 4 5 |  5.2
Fighting       | 3 4 5 |  5.0
Stealth        | |  0.8

Action                   |  1- 3 |  4- 6 || total
-------------------------+-------+-------++-------
 Fire: Hand crossbow     |   108 |   163 ||   271
Invok: Ancestor Identity |       |     1 ||     1
  Use: Scroll            |       |     5 ||     5
Armor: Skin              |    49 |    29 ||    78
Dodge: Dodged            |    97 |    68 ||   165

Table legend: (Time is in decaauts)
 A = Elapsed time spent in this place.
 B = Non-inter-level travel time spent in this place.
 C = Inter-level travel time spent in this place.
 D = Time resting spent in this place.
 E = Time spent auto-exploring this place.
 F = Levels seen in this place.
 G = Mean time per level.
                   A        B        C        D        E       F      G
               +--------+--------+--------+--------+--------+-----+--------+
         Total |   3588 |   3546 |     42 |    333 |   2110 |   4 |  897.0 |
       Dungeon |   3588 |   3546 |     42 |    333 |   2110 |   4 |  897.0 |
               +--------+--------+--------+--------+--------+-----+--------+

Top non-repeatable levels by time:
     D:3: 1267 daAuts
     D:1: 1144 daAuts
     D:2: 871 daAuts
     D:4: 304 daAuts
